 Dungeon Crawl Stone Soup version 0.24.0-37-gcf1ca852f1 (webtiles) character file.

Game seed: 14726788871353200095, levelgen mode: deterministic

196 Goreval the Vexing (level 5, -7/40 HPs)
             Began as a Barachi Arcane Marksman on Dec 7, 2019.
             Mangled by Edmund
             ... wielding a +2 flail of protection
              (8 damage)
             ... on level 4 of the Dungeon.
             The game lasted 00:13:37 (4879 turns).

Goreval the Vexing (Barachi Arcane Marksman)        Turns: 4879, Time: 00:13:38

Health: -7/40      AC:  8    Str: 11    XL:     5   Next: 74%
Magic:  8/8        EV: 10    Int: 14    God:
Gold:   196        SH:  0    Dex: 13    Spells: 3/8 levels left

rFire    + . .     SeeInvis .   a - +1 shortbow
rCold    + . .     Gourm    .   (shield currently unavailable)
rNeg     . . .     Faith    .   n - +0 ring mail (curse)
rPois    .         Spirit   .   (no helmet)
rElec    .         Reflect  .   s - scarf {rC+ rF+}
rCorr    .         Harm     .   i - +2 pair of gloves
MR       .....                  (no boots)
Stlth    +.........             (no amulet)
HPRegen  0.13/turn              (no ring)
MPRegen  0.11/turn              (no ring)

@: heavily drained, slow
A: +LOS, swims, slowness 1, strong legs 1
a: Hop


You were on level 4 of the Dungeon.
You were not hungry.

You visited 1 branch of the dungeon, and saw 4 of its levels.

You collected 196 gold pieces.

Inventory:

Hand Weapons
 a - a +1 shortbow (weapon)
 b - a +0 dagger
Missiles
 x - 11 arrows (quivered)
Armour
 e - a +0 robe
 i - a +2 pair of gloves (worn)
 n - a cursed +0 ring mail (worn)
 s - a scarf of resistance (worn)
Scrolls
 c - a scroll of immolation
 k - a scroll of amnesia
 l - a scroll of enchant weapon
 o - a scroll of identify
Potions
 d - a potion of might {unknown}
 g - 2 potions of curing
 h - 2 potions of heal wounds {unknown}
 p - a potion of lignification
 q - a potion of flight
 u - a potion of resistance
 w - a potion of magic
 z - a potion of degeneration {unknown}
Comestibles
 f - 2 rations


   Skills:
 + Level 2.8(1.1) Fighting
 * Level 3.7(2.0) Bows
 - Level 2.6(1.0) Dodging
 + Level 2.4(0.8) Spellcasting
 + Level 4.0(2.3) Hexes
 + Level 1.3(0.0) Translocations


You had 3 spell levels left.
You knew the following spells:

 Your Spells              Type           Power        Failure   Level  Hunger
b - Slow                  Hex            #.......     36%         2    ###....
c - Portal Projectile     Hex/Tloc       #.....       77%         3    ####...

Your spell library contained the following spells:

 Spells                   Type           Power        Failure   Level  Hunger
 Corona                   Hex            #......      26%         1    ##.....
 Inner Flame              Hex/Fire       #.......     77%         3    ####...
 Cause Fear               Hex            #.........   94%         4    #####..
 Leda's Liquefaction      Hex/Erth       #.........   99%         4    #####..


Dungeon Overview and Level Annotations

Branches:
Dungeon (4/15)
 Temple: D:4-7

Altars:
Makhleb
Nemelex Xobeh

Annotations:
D:4 Edmund


Innate Abilities, Weirdness & Mutations

Shadows flee at your approach. (+LOS)
You can swim through water.
You cover ground slowly.
You can hop short distances.


Message History

Edmund hits you with a +2 flail of protection!
* * * LOW HITPOINT WARNING * * *
Firing (i - inventory)
x - 14 arrows (quivered)
Aim: Edmund, wielding a +2 flail of protection and wearing a +0 leather armour (moderately wounded)
You shoot an arrow. The arrow barely misses Edmund.
You are ready to hop once more.
Edmund hits you with a +2 flail of protection.
* * * LOW HITPOINT WARNING * * *
Firing (i - inventory)
x - 13 arrows (quivered)
Aim: Edmund, wielding a +2 flail of protection and wearing a +0 leather armour (moderately wounded)
You shoot an arrow. The arrow closely misses Edmund.
Edmund closely misses you.
Unknown command.
You are too injured to fight recklessly!
You are too injured to fight recklessly!
Unknown command.
Firing (i - inventory)
x - 12 arrows (quivered)
Aim: Edmund, wielding a +2 flail of protection and wearing a +0 leather armour (moderately wounded)
You shoot an arrow. The arrow completely misses Edmund.
Edmund hits you with a +2 flail of protection!
You die...

###..........'...'......".
#####............#####.....###
#..)'................#......##
#.###................#....#.##
#....................#....#.##
#....................#....#.##
#.....##.###.......##.....#..#
#.....##...'.......'..........
#........###.@.....#..........
#.##.....'...@.......##.......
#.##.....####.......###.......
#.# .....# #.........#.......
####.........#.......
#............####.###
#............# ##'###
+......(...### #....#
#...(...(....###....#


You could see Edmund.

Vanquished Creatures
  2 orc priests (D:3)
  An orc wizard (D:4)
  2 adders (D:2)
  2 oozes
  2 worms
  2 dart slugs (D:1)
  A leopard gecko (D:4)
  6 orcs
  2 ball pythons (D:1)
  9 bats
  6 giant cockroaches
  8 goblins
  4 hobgoblins
  2 jackals (D:3)
  4 kobolds
  4 frilled lizards
  12 rats
69 creatures vanquished.

Notes
Turn   | Place    | Note
-------+----------+-------------------------------------------
     0 | D:1      | Goreval the Barachi Arcane Marksman began the quest for the
                  | Orb.
     0 | D:1      | Reached XP level 1. HP: 15/15 MP: 2/2
   237 | D:1      | Reached XP level 2. HP: 21/21 MP: 3/3
   773 | D:1      | Reached XP level 3. HP: 20/27 MP: 1/5
   782 | D:1      | Learned a level 2 spell: Slow
  1115 | D:2      | Found a sparkling altar of Nemelex Xobeh.
  1594 | D:2      | Reached XP level 4. HP: 33/33 MP: 3/6
  1653 | D:2      | Learned a level 3 spell: Portal Projectile
  1743 | D:2      | Found a burning altar of Makhleb.
  3037 | D:3      | Reached XP level 5. HP: 5/39 MP: 8/8
  3454 | D:3      | Found a faded altar of an unknown god.
  3542 | D:3      | Reached skill level 1 in Translocations
  3926 | D:4      | Noticed an ogre
  4623 | D:4      | Reached skill level 4 in Hexes
  4852 | D:4      | Noticed Edmund
  4874 | D:4      | HP: 2/40 [Edmund/+2 flail of protection (7)]
  4879 | D:4      | Mangled by Edmund

Levels and vault maps discovered:
D:1:      onia_arrival_handbag, layout_loops_ring, minmay_liquid_box,
          minmay_tetromino_o4
D:2:      layout_loops_ring, makhleb_grotto_becter, minitemple,
          minmay_statues_item, nemelex_spade_bored_becter
D:3:      layout_loops_ring, chequers_ecumenical_altar_island, feat_on_display
D:4:      layout_basic, kennysheep_mini, lemuel_coloured_pillars_altar,
          uniq_edmund

Skill      XL: |  1  2  3  4  5 |
---------------+----------------+-----
Fighting       | 2 |  2.8
Bows           | 3 |  3.7
Spellcasting   | 2 |  2.4
Translocations | 1 |  1.3
Hexes          | 4 |  4.0
Dodging        | |  2.6

Action                   |  1- 3 |  4- 6 || total
-------------------------+-------+-------++-------
Melee: Unarmed           |     3 |    13 ||    16
       Dagger            |       |   174 ||   174
       Shortbow          |       |     1 ||     1
 Fire: Shortbow          |   107 |    86 ||   193
 Cast: Corona            |    13 |     6 ||    19
       Slow              |       |     3 ||     3
 Abil: Hop               |     2 |     4 ||     6
  Use: Scroll            |       |    15 ||    15
       Potion            |       |     1 ||     1
  Eat: Chunk             |     3 |     5 ||     8
       Ration            |       |     2 ||     2
Armor: Robe              |     9 |       ||     9
       Ring mail         |     7 |   120 ||   127
Dodge: Dodged            |    41 |   172 ||   213
Block: Buckler           |       |     1 ||     1
